[Event "Titled Tuesday Blitz May 23 Early 2023"]
[White "Weishaeutel, Moritz"]
[Black "Paravyan, David"]
[WhiteFideId "12967300"]
[BlackFideId "4194985"]
[WhiteElo "2301"]
[BlackElo "2563"]
[Result "0-1"]
[Round "07"]
[TimeControl "180+2"]
[Date "2023.05.23"]
[WhiteClock "0:00:05"]
[BlackClock "0:00:10"]

1. e4 e5 2. Nf3 Nf6 3. Nxe5 d6 4. Nf3 Nxe4 5. d3 Nf6 6. d4 g6 7. Bd3 Bg7 8. Qe2+ Be6 9. Ng5 O-O 10. Nxe6 fxe6 11. Qxe6+ Kh8 12. O-O Nc6 13. c3 Nh5 14. Re1 Nf4 15. Bxf4 Rxf4 16. Nd2 Qf8 17. Nf3 Nd8 18. Qe8 Nf7 19. Qxf8+ Bxf8 20. Re6 Kg7 21. Rae1 c6 22. Re8 Rxe8 23. Rxe8 d5 24. Rb8 Nd6 25. Ne5 Be7 26. Ra8 a6 27. Ra7 Rf8 28. Bxa6 Bd8 29. Bd3 Bb6 30. Ra3 g5 31. Nd7 Re8 32. Nxb6 Re1+ 33. Bf1 Ne4 34. Ra7 Nd2 35. Rxb7+ Kh6 36. g3 Rxf1+ 37. Kg2 Ra1 38. Rc7 g4 39. Rxc6+ Kg5 40. h4+ Kf5 41. Nxd5 h5 42. Ne3+ Ke4 43. Rf6 Kd3 44. d5 Ke2 45. d6 Nf3 46. Rxf3 gxf3+ 47. Kh2 Rxa2 48. d7 Ra8 49. Nc4 Kxf2 50. Ne5 Ke2 51. Nxf3 Kxf3 52. c4 Rd8 53. b4 Rxd7 54. c5 Rd2+ 55. Kg1 Kxg3 56. Kf1 Rb2 57. c6 Rxb4 58. c7 Rc4 59. c8=Q Rxc8 0-1


[Site "https://www.chess.com"]

[Event "Titled Tuesday Blitz May 23 Early 2023"]
[White "Dubov, Daniil"]
[Black "Suyarov, Mukhammadzokhid"]
[WhiteFideId "24126055"]
[BlackFideId "14210495"]
[WhiteElo "2793"]
[BlackElo "2361"]
[Result "0-1"]
[Round "07"]
[TimeControl "180+2"]
[Date "2023.05.23"]
[WhiteClock "0:00:01"]
[BlackClock "0:00:24"]

1. d4 e6 2. Nf3 Nf6 3. Bg5 b6 4. e4 h6 5. Bxf6 Qxf6 6. Nbd2 Bb7 7. c3 g6 8. Bc4 Bg7 9. O-O O-O 10. Re1 a6 11. Qc2 d6 12. Nf1 Nd7 13. Rad1 Qe7 14. a4 a5 15. Ne3 h5 16. h3 Bh6 17. Nf1 Bf4 18. Bd3 Rfd8 19. Qe2 Bc6 20. Bb5 Bxb5 21. Qxb5 Rac8 22. g3 Bh6 23. Kg2 c6 24. Qb3 Bg7 25. Ne3 Rb8 26. Qc4 Rdc8 27. Qd3 b5 28. Ra1 b4 29. Nc4 bxc3 30. bxc3 Ra8 31. Rab1 d5 32. Nb6 Nxb6 33. Rxb6 Qa3 34. Qc2 dxe4 35. Rxe4 c5 36. d5 exd5 37. Rb3 Qxb3 38. Qxb3 dxe4 39. Ng5 Rc7 40. Qd5 Re8 41. Nxe4 Rce7 42. Nd6 Re5 43. Qb7 R8e7 44. Qa8+ Kh7 45. Qxa5 Rd5 46. Nc4 Re2 47. g4 Bf6 48. Qa8 Rd3 49. Qf8 Bh4 50. Qxf7+ Kh8 51. Qf8+ Kh7 52. Qf7+ Kh8 53. Kg1 Rd1+ 54. Kg2 Rxf2+ 55. Qxf2 Bxf2 56. Kxf2 h4 57. Ke2 Rh1 58. a5 Rh2+ 59. Kd3 Rxh3+ 60. Kc2 Rh1 61. Kb2 h3 62. a6 Rb1+ 63. Ka2 Ra1+ 64. Kxa1 h2 65. Ka2 h1=Q 66. Kb3 Qd5 67. g5 Kg7 68. a7 Qb7+ 69. Kc2 Qxa7 70. Nd6 Qd7 71. Nc4 Qf5+ 0-1


[Site "https://www.chess.com"]

[Event "Titled Tuesday Blitz May 23 Early 2023"]
[White "Vitiugov, Nikita"]
[Black "Lenderman, Aleksandr"]
[WhiteFideId "4152956"]
[BlackFideId "2021285"]
[WhiteElo "2673"]
[BlackElo "2607"]
[Result "1-0"]
[Round "07"]
[TimeControl "180+2"]
[Date "2023.05.23"]
[WhiteClock "0:01:02"]
[BlackClock "0:02:16"]

1. d4 Nf6 2. Bg5 Ne4 3. Bf4 c5 4. f3 Qa5+ 5. c3 Nf6 6. Nd2 cxd4 7. Nb3 Qb6 8. Qxd4 Nc6 9. Qxb6 axb6 10. e4 d6 11. Bb5 Bd7 12. Ne2 g6 13. Be3 Na5 14. Bxd7+ Nxd7 15. Nd2 Bg7 16. Bd4 O-O 17. Bxg7 Kxg7 18. Nd4 Ne5 19. Ke2 Nac4 20. Nxc4 Nxc4 21. b3 Ne5 22. a4 Nc6 23. Nb5 Rfc8 24. c4 Na7 25. Nc3 Nc6 26. Ke3 Kf8 27. Nd5 Ra6 28. h4 Ne5 29. h5 g5 30. h6 f6 31. g3 Nd7 32. f4 e6 33. Nc3 Ke7 34. Nb5 Nc5 35. Rab1 Rg8 36. f5 exf5 37. exf5 Kd7 38. Rhd1 Re8+ 39. Kf3 Ne4 40. Rd4 g4+ 41. Kf4 Ng5 42. Rxd6+ Kc8 43. Rxf6 Nh3+ 44. Kxg4 Nf2+ 45. Kh5 Ne4 46. Re6 Nxg3+ 47. Kg4 Rg8+ 48. Kf4 Nh5+ 49. Ke5 1-0


[Site "https://www.chess.com"]

[Event "Titled Tuesday Blitz May 23 Early 2023"]
[White "Vakhlamov, Igor L."]
[Black "Durarbayli, Vasif"]
[WhiteFideId "24126748"]
[BlackFideId "13402935"]
[WhiteElo "2407"]
[BlackElo "2551"]
[Result "0-1"]
[Round "07"]
[TimeControl "180+2"]
[Date "2023.05.23"]
[WhiteClock "0:00:00"]
[BlackClock "0:00:03"]

1. e4 c5 2. Nf3 d6 3. Nc3 Nf6 4. d4 cxd4 5. Qxd4 Bd7 6. Bc4 Nc6 7. Qd3 e6 8. Bf4 Qb6 9. Nb5 Nb4 10. Qe2 a6 11. Nc3 Rc8 12. Bb3 h6 13. e5 dxe5 14. Nxe5 Be7 15. O-O-O Rxc3 16. bxc3 Nbd5 17. Nxd7 Ba3+ 18. Kd2 Kxd7 19. Be5 Ke7 20. Ke1 Qa5 21. Bxd5 Nxd5 22. Kf1 Nxc3 23. Bxc3 Qxc3 24. Qd3 Rc8 25. Qxc3 Rxc3 26. Rd3 Rxc2 27. g4 Bc5 28. Rf3 Rxa2 29. Kg2 Rc2 30. Rb1 b5 31. Ra1 e5 32. Rxa6 e4 33. Rf4 e3 34. Rc6 exf2 35. Rf3 Kd7 36. Kf1 Kxc6 37. Rxf7 Rc1+ 38. Kg2 Rg1+ 0-1


[Site "https://www.chess.com"]

[Event "Titled Tuesday Blitz May 23 Early 2023"]
[White "Gorovets, Andrey"]
[Black "Galchenko, Matvey"]
[WhiteFideId "13504037"]
[BlackFideId "24175480"]
[WhiteElo "2459"]
[BlackElo "2423"]
[Result "1-0"]
[Round "07"]
[TimeControl "180+2"]
[Date "2023.05.23"]
[WhiteClock "0:00:34"]
[BlackClock "0:00:04"]

1. Nf3 c5 2. c4 g6 3. g3 Bg7 4. Bg2 Nc6 5. Nc3 d6 6. O-O e6 7. e3 Nge7 8. d4 O-O 9. Rb1 b6 10. Re1 Bb7 11. a3 Qd7 12. b4 cxb4 13. axb4 Rac8 14. Qb3 Rfd8 15. Ba3 h5 16. Red1 d5 17. c5 bxc5 18. dxc5 a6 19. Na4 Qc7 20. Bb2 e5 21. Nb6 Rb8 22. Ng5 Na7 23. f4 a5 24. bxa5 Qxc5 25. Ba3 Qc7 26. Rbc1 Nac6 27. Nxd5 Nxd5 28. Bxd5 Rxd5 29. Qxd5 Nxa5 30. Rxc7 Bxd5 31. Rxd5 exf4 32. gxf4 Rb3 33. Rxa5 1-0


[Site "https://www.chess.com"]

[Event "Titled Tuesday Blitz May 23 Early 2023"]
[White "Starozhilov, Leonid"]
[Black "demon64fields"]
[WhiteFideId "14106752"]
[WhiteElo "2352"]
[BlackElo "2872"]
[Result "0-1"]
[Round "07"]
[TimeControl "180+2"]
[Date "2023.05.23"]
[WhiteClock "0:00:00"]
[BlackClock "0:02:36"]

1. e4 e6 2. d4 d5 3. Nc3 Bb4 4. e5 c5 5. a3 Bxc3+ 6. bxc3 Nc6 7. h4 Bd7 8. h5 Qa5 9. Bd2 O-O-O 10. Rh4 c4 11. a4 f5 12. Nf3 Nh6 13. Be2 Nf7 14. Kf1 g5 15. hxg6 hxg6 16. Rxh8 Rxh8 17. Kg1 g5 18. Qb1 g4 19. Nh2 Nxd4 20. Qd1 Nc6 21. f4 Qb6+ 0-1


[Site "https://www.chess.com"]

[Event "Titled Tuesday Blitz May 23 Early 2023"]
[White "Stribuk, Artiom"]
[Black "Maltsevskaya, Aleksandra"]
[WhiteFideId "13515659"]
[BlackFideId "24174041"]
[WhiteElo "2303"]
[BlackElo "2302"]
[Result "0-1"]
[Round "07"]
[TimeControl "180+2"]
[Date "2023.05.23"]
[WhiteClock "0:00:00"]
[BlackClock "0:00:40"]

1. d4 Nf6 2. c4 g6 3. g3 Bg7 4. Bg2 O-O 5. Nc3 d6 6. Nf3 Nbd7 7. O-O e5 8. e4 exd4 9. Nxd4 Nc5 10. h3 Re8 11. Re1 Bd7 12. Rb1 a5 13. b3 a4 14. b4 Ne6 15. Be3 h6 16. Qd2 Kh7 17. Rbd1 Qc8 18. Kh2 a3 19. Nd5 Nxd5 20. cxd5 Nf8 21. Rc1 Ba4 22. b5 Nd7 23. Qb4 Nc5 24. Rxc5 dxc5 25. Qxc5 Qd7 26. Rc1 b6 27. Qb4 Ra5 28. Nc6 Raa8 29. Bf1 f5 30. Bd3 Kh8 31. exf5 Qxd5 32. Bb1 Bxb5 33. Nd4 Ba6 34. Rxc7 Bb7 35. Rxb7 Qxb7 36. fxg6 Rad8 37. Bc2 Qe7 38. Qc4 Qc5 39. Qxc5 bxc5 40. Nf5 Re5 41. Nxg7 Kxg7 42. Bb3 Rxe3 43. fxe3 Rd3 0-1


[Site "https://www.chess.com"]

[Event "Titled Tuesday Blitz May 23 Early 2023"]
[White "bubeliang"]
[Black "Karthik Venkataraman"]
[BlackFideId "25006479"]
[WhiteElo "2617"]
[BlackElo "2419"]
[Result "0-1"]
[Round "07"]
[TimeControl "180+2"]
[Date "2023.05.23"]
[WhiteClock "0:00:09"]
[BlackClock "0:00:50"]

1. e4 a5 2. d4 d6 3. Nf3 Nd7 4. Bc4 h6 5. O-O e5 6. dxe5 dxe5 7. Bxf7+ Kxf7 8. Nxe5+ Kf6 9. Qd5 Qe8 10. Ng4+ Ke7 11. Bf4 Ngf6 12. Nxf6 Nxf6 13. Qc4 c6 14. Rd1 Be6 15. Qc5+ Kf7 16. Qb6 Qc8 17. Nc3 Be7 18. Rd2 Rd8 19. Rad1 Rxd2 20. Rxd2 Nd7 21. Qe3 Qf8 22. Ne2 Kg8 23. Nd4 Qf7 24. Qg3 Nf6 25. f3 Nh5 0-1


[Site "https://www.chess.com"]

[Event "Titled Tuesday Blitz May 23 Early 2023"]
[White "Gharibyan, Mamikon"]
[Black "Hoffmann, Asa"]
[WhiteFideId "13308300"]
[BlackFideId "2001470"]
[WhiteElo "2445"]
[BlackElo "2117"]
[Result "1/2-1/2"]
[Round "07"]
[TimeControl "180+2"]
[Date "2023.05.23"]
[WhiteClock "0:00:03"]
[BlackClock "0:00:17"]

1. b3 e5 2. Bb2 d6 3. e3 Nf6 4. Nf3 Nbd7 5. d4 e4 6. Nfd2 d5 7. c4 c6 8. g4 h6 9. h4 Be7 10. Nc3 a6 11. f3 exf3 12. Qxf3 Nb6 13. g5 hxg5 14. hxg5 Rxh1 15. Qxh1 Ng4 16. Qh8+ Bf8 17. O-O-O Qxg5 18. Ba3 Nd7 19. Bxf8 Nxf8 20. cxd5 cxd5 21. Kb2 Be6 22. Rc1 Qxe3 23. Ndb1 Qh6 24. Qxh6 Nxh6 25. Bg2 Rd8 26. Re1 Nf5 27. Bxd5 Nxd4 28. Bxb7 a5 29. Na3 g5 30. Re5 Nd7 31. Rxg5 Rb8 32. Be4 Nxb3 33. Rg8+ Nf8 34. Nab5 Nd4 35. a4 Nxb5 36. axb5 Bd7 37. Ka3 Ke7 38. Ka4 Rc8 39. Nd5+ Kd6 40. Nb6 Rd8 41. Kxa5 Ne6 42. Rg1 Nc5 43. Rd1+ Ke7 44. Bf3 Be6 45. Nd5+ Bxd5 46. Bxd5 f5 47. Re1+ Kf6 48. Bc6 Nb3+ 49. Kb4 Nd4 50. Kc5 Nb3+ 51. Kb6 f4 52. Kc7 Rd2 53. b6 Na5 54. Bf3 Rc2+ 55. Kd6 Nc4+ 56. Kd5 Nxb6+ 57. Ke4 Rc4+ 58. Kd3 Ra4 59. Re8 Nd7 60. Ke2 Ne5 61. Bd5 Ra3 62. Kf1 Re3 63. Rb8 Ng4 64. Rg8 Ke5 65. Rxg4 Kxd5 66. Rxf4 Re5 67. Rf2 Ke4 68. Re2+ Kf5 69. Rxe5+ Kxe5 1/2-1/2


[Site "https://www.chess.com"]

[Event "Titled Tuesday Blitz May 23 Early 2023"]
[White "Miranda, Rafael"]
[Black "Martinez Alcantara, Jose Eduardo"]
[WhiteFideId "130990"]
[BlackFideId "3805662"]
[WhiteElo "2204"]
[BlackElo "2711"]
[Result "0-1"]
[Round "07"]
[TimeControl "180+2"]
[Date "2023.05.23"]
[WhiteClock "0:00:33"]
[BlackClock "0:00:17"]

1. e4 a6 2. d4 g6 3. Bd3 Bg7 4. Nf3 d6 5. O-O e5 6. dxe5 dxe5 7. a4 Nc6 8. Be3 Nf6 9. Nbd2 Qe7 10. Nc4 O-O 11. c3 Rd8 12. Qc2 Bg4 13. Be2 Nh5 14. h3 Be6 15. Rfd1 Nf4 16. Bf1 h6 17. Kh2 g5 18. g3 Nxh3 19. Bxh3 Bxc4 20. Bf5 Be6 21. g4 Na5 22. Nd2 b6 23. b4 Nb7 24. Nf1 a5 25. b5 Nc5 26. Bxc5 Qxc5 27. Ne3 Bf8 28. Kg2 c6 29. Bxe6 fxe6 30. Qb3 Kf7 31. bxc6 Qxc6 32. Kf3 Kf6 33. Rxd8 Rxd8 34. Rd1 Rc8 35. Rd3 Be7 36. Qd1 Kg6 37. Rd7 Rf8+ 38. Kg3 Bc5 39. Qd3 Bxe3 40. fxe3 Qc5 41. Rd6 Rf6 42. Kh3 Qa3 43. Qb5 Qxd6 44. Qe8+ Kg7 0-1


[Site "https://www.chess.com"]

[Event "Titled Tuesday Blitz May 23 Early 2023"]
[White "Madaminov, Mukhiddin"]
[Black "Vlassov, Nikolai"]
[WhiteFideId "14210703"]
[BlackFideId "4103360"]
[WhiteElo "2511"]
[BlackElo "2324"]
[Result "1-0"]
[Round "07"]
[TimeControl "180+2"]
[Date "2023.05.23"]
[WhiteClock "0:01:20"]
[BlackClock "0:00:01"]

1. e4 c5 2. Nf3 d6 3. Bb5+ Nd7 4. O-O a6 5. Bd3 g6 6. c3 Bg7 7. Bc2 Ngf6 8. d4 e5 9. Nbd2 O-O 10. Nc4 Qc7 11. Ne3 Re8 12. d5 b5 13. c4 Nb6 14. b3 Ng4 15. Bd3 Nxe3 16. Bxe3 f5 17. cxb5 fxe4 18. Bxe4 axb5 19. Ng5 Bf5 20. Bxf5 gxf5 21. Qh5 h6 22. Ne6 Qf7 23. Nxg7 f4 24. Qxf7+ Kxf7 25. Nf5 Rad8 26. Bd2 Nxd5 27. Rfd1 b4 28. a3 Re6 29. Bxb4 cxb4 30. Rxd5 Rf6 31. g4 fxg3 32. Nxg3 Ke6 33. Rb5 bxa3 34. Rxa3 Rc8 35. Ra6 Rc1+ 36. Kg2 Rg6 37. Rbb6 Kd7 38. Rb7+ Ke6 39. Raa7 Rc3 40. Re7+ Kd5 41. Ra5+ Kc6 42. b4 Rb3 43. Ra6+ Kd5 44. Rb6 Rg4 45. Rd7 Rc4 46. Rdxd6# 1-0


[Site "https://www.chess.com"]

[Event "Titled Tuesday Blitz May 23 Early 2023"]
[White "Zhigalko, Sergei"]
[Black "Nagare Kaivalya Sandip"]
[WhiteFideId "13502956"]
[BlackFideId "25957929"]
[WhiteElo "2626"]
[BlackElo "2024"]
[Result "1-0"]
[Round "07"]
[TimeControl "180+2"]
[Date "2023.05.23"]
[WhiteClock "0:00:11"]
[BlackClock "0:00:13"]

1. e4 c5 2. c3 Nf6 3. e5 Nd5 4. Nf3 d6 5. Bc4 Nb6 6. Bb3 d5 7. d4 c4 8. Bc2 Bg4 9. h3 Bh5 10. g4 Bg6 11. e6 Nc6 12. Bxg6 fxg6 13. Ng5 Qd6 14. Qf3 Nd8 15. O-O h5 16. Nf7 Nxf7 17. Qxf7+ Kd8 18. Bf4 Qc6 19. g5 Qe8 20. Qxe8+ Kxe8 21. Nd2 Rc8 22. Rfe1 Rc6 23. Rac1 Na4 24. Rc2 h4 25. Kg2 b5 26. a3 Nb6 27. Nf3 a6 28. Rce2 Na4 29. Nh2 Kd8 30. Kf3 Kc8 31. Kg4 Kb7 32. Nf3 a5 33. Nxh4 Rb6 34. Nxg6 Rg8 35. Ra1 Ra6 36. h4 Nb6 37. h5 b4 38. axb4 axb4 39. Rxa6 Kxa6 40. Be5 Na4 41. cxb4 Kb5 42. Nxf8 Rxf8 43. Bxg7 Rc8 44. h6 Kxb4 45. h7 Kb3 46. h8=Q Rxh8 47. Bxh8 Nxb2 48. g6 c3 49. g7 c2 50. Rxc2 Kxc2 51. g8=Q 1-0


[Site "https://www.chess.com"]

[Event "Titled Tuesday Blitz May 23 Early 2023"]
[White "Dehtiarov, Roman"]
[Black "Drygalov, Andrey"]
[WhiteFideId "14186640"]
[BlackFideId "24171735"]
[WhiteElo "2189"]
[BlackElo "2466"]
[Result "0-1"]
[Round "07"]
[TimeControl "180+2"]
[Date "2023.05.23"]
[WhiteClock "0:00:00"]
[BlackClock "0:00:08"]

1. c4 Nf6 2. Nc3 e5 3. Nf3 Nc6 4. e3 Bb4 5. Qc2 Bxc3 6. Qxc3 Qe7 7. a3 d5 8. cxd5 Nxd5 9. Qb3 Nb6 10. Bb5 O-O 11. O-O e4 12. Bxc6 bxc6 13. Nd4 c5 14. Ne2 Ba6 15. Re1 Rfd8 16. Nf4 Bd3 17. Qc3 g5 18. Nh5 Nd5 19. Qa5 c4 20. b4 cxb3 21. Bb2 c5 22. Rac1 Bc2 23. f3 Rac8 24. fxe4 Qxe4 25. Rf1 Qg4 26. Ng3 Bg6 27. Rxc5 Qe6 28. Rfc1 Nb6 29. Qc3 f6 30. d4 Kf7 31. e4 Na4 32. Rc7+ Rxc7 33. Qxc7+ Rd7 34. d5 Qe7 35. Qc4 Nxb2 36. Qxb3 Rb7 37. Qc3 Qe5 38. Qc6 Re7 39. d6 Qd4+ 40. Kh1 Nd3 41. Rf1 Ne5 0-1


[Site "https://www.chess.com"]

[Event "Titled Tuesday Blitz May 23 Early 2023"]
[White "Ilkhomi, Jaloliddin"]
[Black "Kozak, Adam"]
[WhiteFideId "14700948"]
[BlackFideId "753246"]
[WhiteElo "2045"]
[BlackElo "2469"]
[Result "0-1"]
[Round "07"]
[TimeControl "180+2"]
[Date "2023.05.23"]
[WhiteClock "0:00:55"]
[BlackClock "0:00:51"]

1. Nf3 c5 2. c4 Nc6 3. g3 g6 4. Bg2 Bg7 5. O-O Rb8 6. Nc3 a6 7. b3 b5 8. cxb5 axb5 9. Bb2 Nh6 10. Na4 Bxb2 11. Nxb2 Nf5 12. Nd3 d6 13. a4 bxa4 14. bxa4 O-O 15. Re1 Nfd4 16. Nxd4 Nxd4 17. e3 Nb3 18. Rb1 c4 19. Nb2 Bf5 20. e4 Be6 21. Qc2 Qa5 22. Nxc4 Bxc4 23. Qxc4 Nxd2 24. Qc2 Nxb1 25. Rxb1 Rxb1+ 26. Qxb1 Qxa4 27. h4 Qa7 28. Qd3 Qc5 29. Qf3 Rb8 30. Qf4 Rb1+ 31. Kh2 Rb2 32. Kg1 Kg7 33. Qf3 Qd4 34. Qf4 h6 35. Qf3 e5 36. h5 gxh5 37. g4 Rb1+ 38. Kh2 Qd1 39. gxh5 Qxf3 40. Bxf3 Rc1 41. Kg3 Kf6 42. Kh4 Rc3 43. Bg4 Rc2 44. f3 Rb2 45. Bf5 Rb3 46. Kg4 Rb1 47. Kh4 Rf1 48. Kg4 Rg1+ 49. Kh4 Ke7 50. Kh3 Rg5 51. Kh4 Kd8 52. Bg4 Kc7 53. Kg3 Kb6 54. f4 exf4+ 55. Kxf4 Kc5 56. Bf3 Kd4 57. Be2 Kc5 58. Bf3 Kc6 59. Be2 Kd7 60. Bc4 Ke7 61. Be2 Kf6 62. Bf3 Rc5 63. Be2 Rc1 64. Bg4 Ra1 65. Be2 Re1 66. Bc4 Rh1 67. Be2 Rh2 68. Bd1 Rh4+ 69. Ke3 Ke5 70. Kf3 Rf4+ 71. Kg3 Rxe4 72. Bb3 f6 73. Bf7 Rd4 74. Kf3 Rb4 75. Ke3 Rb8 76. Bg6 Rb4 77. Kf3 d5 78. Ke3 Rd4 79. Bh7 Rf4 80. Bg6 Rh4 81. Ke2 Rg4 82. Kf3 Rg5 83. Bf7 Kd6 84. Bg6 Ke5 85. Ke3 f5 86. Kf3 f4 87. Kf2 Rg3 88. Bd3 d4 89. Be2 Kf6 90. Bc4 Ke7 91. Bf7 Kf8 92. Bg6 Kg7 93. Bc2 Kf6 94. Bd1 Kg5 95. Bc2 Kxh5 96. Bd1+ Kg5 97. Ba4 Kf6 98. Bd7 Ke5 99. Bc6 Kd6 100. Be4 Kc5 101. Bh7 Kb4 102. Bg8 Kc3 103. Bd5 Kb2 104. Ke2 Kc1 105. Bf3 h5 106. Kd3 h4 107. Kxd4 h3 108. Ke4 h2 109. Bh1 Rg1 110. Bf3 Rf1 111. Bg2 f3 112. Bxf3 Rxf3 113. Kxf3 h1=Q+ 114. Kf2 Qd1 0-1


[Site "https://www.chess.com"]

[Event "Titled Tuesday Blitz May 23 Early 2023"]
[White "Skliarov, Viktor"]
[Black "Drygalov, Sergey"]
[WhiteFideId "14106736"]
[BlackFideId "24171743"]
[WhiteElo "2317"]
[BlackElo "2533"]
[Result "1/2-1/2"]
[Round "07"]
[TimeControl "180+2"]
[Date "2023.05.23"]
[WhiteClock "0:00:12"]
[BlackClock "0:00:13"]

1. e4 c5 2. Nf3 e6 3. c3 d5 4. e5 d4 5. Bb5+ Bd7 6. Bxd7+ Qxd7 7. d3 Nc6 8. c4 h6 9. Bf4 Nge7 10. h4 f6 11. h5 O-O-O 12. Qe2 f5 13. Nh4 b5 14. Nd2 Nb4 15. O-O bxc4 16. Nxc4 Ned5 17. Bh2 Kb7 18. Ng6 Rg8 19. a3 Na6 20. Qf3 Ka8 21. b4 Be7 22. b5 Nb8 23. a4 Bg5 24. Rfb1 Qb7 25. Nd6 Rxd6 26. exd6 Nc3 27. Qxb7+ Kxb7 28. Re1 Re8 29. Be5 Bd2 30. Bxg7 Bxe1 31. Rxe1 Nd7 32. Bxh6 e5 33. Bg7 c4 34. Nxe5 Nxe5 35. Rxe5 Rxe5 36. Bxe5 cxd3 37. d7 d2 38. d8=Q d1=Q+ 39. Kh2 Qxh5+ 40. Kg1 Qd1+ 41. Kh2 Qh5+ 42. Kg1 Qd1+ 43. Kh2 Qh5+ 1/2-1/2


[Site "https://www.chess.com"]

[Event "Titled Tuesday Blitz May 23 Early 2023"]
[White "Hansen, Eric"]
[Black "Jeet, Jain"]
[WhiteFideId "2606771"]
[BlackFideId "5073022"]
[WhiteElo "2561"]
[BlackElo "2067"]
[Result "0-1"]
[Round "07"]
[TimeControl "180+2"]
[Date "2023.05.23"]
[WhiteClock "0:00:00"]
[BlackClock "0:00:10"]

1. f4 d6 2. Nf3 Nc6 3. e4 e5 4. Bb5 Bd7 5. d3 a6 6. Bxc6 Bxc6 7. fxe5 Qd7 8. Nc3 O-O-O 9. Bf4 h6 10. Qd2 g5 11. Bg3 Kb8 12. O-O-O Ne7 13. exd6 cxd6 14. Nd4 Ng6 15. Rhf1 Rh7 16. Nxc6+ Qxc6 17. Nd5 Bg7 18. Kb1 Be5 19. d4 Bxg3 20. hxg3 Rg7 21. Rh1 Re8 22. Nf6 Rh8 23. Rdf1 Nf8 24. Qb4 Nd7 25. Nd5 h5 26. a4 h4 27. a5 Rgh7 28. gxh4 gxh4 29. Rf4 Ka7 30. Rh3 Rg7 31. Rf2 Rh6 32. Ne7 Qxe4 33. Nc8+ Kb8 34. Nxd6 Qd5 35. Nf5 Rxg2 36. Rxg2 Qxg2 37. Rxh4 Rxh4 38. Qd6+ Kc8 39. Nxh4 Qh1+ 40. Ka2 Qxh4 41. c4 Qf6 42. Qd5 Qe6 43. Qg5 Qxc4+ 44. Ka1 Qxd4 45. Qg8+ Kc7 46. Qxf7 Qd1+ 47. Ka2 Qa4+ 48. Kb1 Qxa5 49. Qf4+ Qe5 50. Qc4+ Kb8 51. Qg8+ Ka7 52. Qg1+ Qc5 53. Qg7 Nb6 54. Qg3 Nc4 55. Qc3 a5 56. Ka2 b6 57. Qg7+ Ka6 58. Qh8 Qc6 59. Qc3 b5 60. Qd4 Nd6 61. Ka1 Nb7 62. Qh8 a4 63. Qa8+ Kb6 64. Qf8 Na5 65. Qd8+ Qc7 66. Qd4+ Kb7 67. Kb1 Nb3 68. Qd5+ Ka6 69. Qa8+ Kb6 70. Qh1 Nd2+ 71. Ka1 Qc6 72. Qg1+ Ka6 73. Qd1 Nb3+ 74. Ka2 Nc1+ 75. Kb1 Nb3 76. Ka2 Nc5 77. Qd8 b4 78. Ka1 Nb3+ 79. Ka2 Nc5 80. Ka1 b3 81. Qd1 Nb7 82. Qf1+ Ka7 83. Qg1+ Qc5 84. Qh1 a3 0-1


[Site "https://www.chess.com"]

[Event "Titled Tuesday Blitz May 23 Early 2023"]
[White "Timofeev, Artyom"]
[Black "Agibileg, Uurtsaikh"]
[WhiteFideId "4140419"]
[BlackFideId "4901606"]
[WhiteElo "2586"]
[BlackElo "2353"]
[Result "1-0"]
[Round "07"]
[TimeControl "180+2"]
[Date "2023.05.23"]
[WhiteClock "0:00:23"]
[BlackClock "0:00:20"]

1. c4 Nf6 2. Nc3 g6 3. e4 d6 4. Nf3 Bg7 5. g3 O-O 6. Bg2 e5 7. O-O Nc6 8. d3 h6 9. h3 Nd7 10. Be3 f5 11. Qd2 Kh7 12. d4 exd4 13. Nxd4 Nde5 14. Nxc6 bxc6 15. Qe2 Be6 16. exf5 Bxc4 17. fxg6+ Kg8 18. Qh5 Bxf1 19. Rxf1 Qf6 20. Bxh6 Qxg6 21. Qxg6 Nxg6 22. Bxg7 Kxg7 23. Bxc6 Rab8 24. b3 Ne5 25. Be4 Nf3+ 26. Kg2 Nd2 27. Rc1 Nxe4 28. Nxe4 Rf7 29. f4 Re8 30. Kf3 Rfe7 31. Ng5 Re3+ 32. Kg4 c5 33. Rd1 Rd8 34. h4 d5 35. h5 d4 36. h6+ Kf6 37. h7 d3 38. Nf3 Kg7 39. Rh1 d2 40. Nxd2 Rh8 41. Nc4 Rc3 42. Rh5 Rxh7 43. Rxc5 Rh8 44. Ra5 Kf6 45. Ra6+ Ke7 46. Rxa7+ Ke6 47. Ra6+ Kd5 48. Ra5+ Kd4 49. Nd6 Ke3 50. Re5+ Kd3 51. f5 Kd4 52. Re6 Rg8+ 53. Rg6 Rf8 54. Nb5+ 1-0


[Site "https://www.chess.com"]

[Event "Titled Tuesday Blitz May 23 Early 2023"]
[White "Siva Mahadevan"]
[Black "Manukyan, Sargis A."]
[WhiteFideId "25043153"]
[BlackFideId "13303970"]
[WhiteElo "2249"]
[BlackElo "2187"]
[Result "1-0"]
[Round "07"]
[TimeControl "180+2"]
[Date "2023.05.23"]
[WhiteClock "0:00:36"]
[BlackClock "0:00:06"]

1. e4 c5 2. Nf3 d6 3. d4 cxd4 4. Nxd4 Nf6 5. Nc3 g6 6. Be3 Bg7 7. f3 O-O 8. Qd2 Nc6 9. Bc4 Bd7 10. h4 Rc8 11. Bb3 Nxd4 12. Bxd4 b5 13. h5 a5 14. hxg6 hxg6 15. a3 e6 16. Be3 b4 17. axb4 axb4 18. Ne2 d5 19. e5 Nh5 20. g4 Bxe5 21. gxh5 Bxb2 22. Bd4 Bxd4 23. Qxd4 g5 24. f4 g4 25. f5 exf5 26. Bxd5 Qg5 27. h6 Kh7 28. Ra7 Rcd8 29. Rh5 Qg6 30. Nf4 Qg8 31. Qf6 Qh8 32. Rxf5 Bxf5 33. Qxf5+ Kxh6 34. Ra6+ Kg7 35. Rg6+ fxg6 36. Qxg6# 1-0


[Site "https://www.chess.com"]

[Event "Titled Tuesday Blitz May 23 Early 2023"]
[White "Kleiman, Jake"]
[Black "Fier, Alexandr"]
[WhiteFideId "2020041"]
[BlackFideId "2107139"]
[WhiteElo "2623"]
[BlackElo "2610"]
[Result "1-0"]
[Round "07"]
[TimeControl "180+2"]
[Date "2023.05.23"]
[WhiteClock "0:00:12"]
[BlackClock "0:01:09"]

1. e4 e5 2. Nf3 Nc6 3. Bc4 Be7 4. d3 d6 5. a4 f5 6. Ng5 Bxg5 7. Qh5+ g6 8. Qxg5 Qxg5 9. Bxg5 Nge7 10. Bf6 Rf8 11. Bg7 Rg8 12. Bf6 Rf8 13. Bg5 Nd4 14. Na3 Be6 15. Bxe6 Nxe6 16. Bxe7 Kxe7 17. f3 c6 18. Nc4 Nd4 19. O-O-O Ke6 20. Rhe1 b5 21. axb5 cxb5 22. Ne3 Rfc8 23. c3 b4 24. Kd2 Nb3+ 25. Kc2 Nc5 26. Nd5 bxc3 27. bxc3 Nd7 28. Rb1 Rab8 29. Rxb8 Rxb8 30. Ra1 Rb7 31. d4 exd4 32. cxd4 Nb8 33. Kc3 Nc6 34. Ra6 Nb8 35. Ra4 a6 36. Nb4 Rb6 37. Kc4 Kd7 38. g4 fxg4 39. fxg4 Ke6 40. h4 Kd7 41. g5 Ke6 42. Ra1 Rb7 43. Nxa6 Nd7 44. Nb4 Nb6+ 45. Kd3 Nd7 46. Nd5 Rb3+ 47. Kc4 Rh3 48. Nf4+ 1-0


[Site "https://www.chess.com"]

[Event "Titled Tuesday Blitz May 23 Early 2023"]
[White "Molina, Roberto Junio Brito"]
[Black "Melikyan, Gnel"]
[WhiteFideId "2109450"]
[BlackFideId "54109990"]
[WhiteElo "2376"]
[BlackElo "2138"]
[Result "1/2-1/2"]
[Round "07"]
[TimeControl "180+2"]
[Date "2023.05.23"]
[WhiteClock "0:00:06"]
[BlackClock "0:00:18"]

1. e4 e5 2. Nf3 Nf6 3. Nxe5 d6 4. Nf3 Nxe4 5. d4 d5 6. Bd3 Bd6 7. c4 c6 8. O-O O-O 9. Nc3 Nxc3 10. bxc3 dxc4 11. Bxc4 Bg4 12. h3 Bh5 13. g4 Bg6 14. Ne5 Bxe5 15. dxe5 Qxd1 16. Rxd1 b5 17. Bb3 a5 18. a4 h5 19. f4 hxg4 20. hxg4 Be4 21. Kf2 Na6 22. axb5 Nc5 23. Bc4 cxb5 24. Bxb5 Rfb8 25. c4 Bc2 26. Rd5 Nb3 27. Ra2 Be4 28. Rd1 Rd8 29. Re1 Bd3 30. Be3 Nd4 31. Bxd4 Rxd4 32. Rd1 Rad8 33. Rxa5 Bxc4 34. Rxd4 Rxd4 35. Ke3 Rd3+ 36. Ke4 Bxb5 37. Rxb5 Rg3 38. Rb8+ Kh7 39. Kf5 g6+ 40. Kg5 Kg7 41. Rb7 Re3 42. Re7 Re4 43. f5 Rxe5 44. Rxe5 f6+ 45. Kf4 fxe5+ 46. Kxe5 gxf5 47. Kxf5 Kf7 48. g5 Kg7 49. g6 Kg8 50. Kf6 Kf8 51. g7+ Kg8 52. Kg6 1/2-1/2


[Site "https://www.chess.com"]